 Dungeon Crawl Stone Soup version 0.17.1-1-g73c8601 (webtiles) character file.

94 lucasterio the Cudgeler (level 4, 0/52 HPs)
             Began as a Demonspawn Berserker on Dec 18, 2015.
             Was a Believer of Trog.
             Slain by an orc
             ... wielding a +0 dagger
              (3 damage)
             ... on level 2 of the Dungeon.
             The game lasted 00:04:29 (1777 turns).

lucasterio the Cudgeler (Demonspawn Berserker)      Turns: 1777, Time: 00:04:29

Health: 0/52       AC:  6    Str: 24    XL:     4   Next: 38%
Magic:  4/4        EV: 10    Int:  8    God:    Trog [**....]
Gold:   78         SH:  0    Dex: 12    Spells: 0 memorised, 3 levels left

rFire  . . .     SeeInvis .     a - +0 mace
rCold  . . .     Clarity  .     i - +0 scale mail
rNeg   . . .     SustAt   .     (no shield)
rPois  .         Gourm    .     (no helmet)
rElec  .         Spirit   .     (no cloak)
rCorr  .         Warding  .     (no gloves)
rMut   .         Stasis   .     (no boots)
MR     .....                    (no amulet)
Stlth  ..........               (no ring)
                                (no ring)

@: berserking, very quick, not resistant to hostile enchantments, extremely
unstealthy
A: claws 2
a: Berserk, Trog's Hand, Burn Spellbooks, Renounce Religion


You were on level 2 of the Dungeon.
You worshipped Trog.
Trog was pleased with you.
You were very hungry.

You visited 1 branch of the dungeon, and saw 3 of its levels.

You collected 78 gold pieces.

Inventory:

Hand Weapons
 a - a +0 mace (weapon)
Armour
 e - a +0 ring mail
 i - a +0 scale mail (worn)
Scrolls
 f - 5 scrolls of remove curse {unknown}
 h - a scroll of magic mapping {unknown}
 j - a scroll of recharging {unknown}
 k - 2 scrolls of blinking {unknown}
 q - a scroll of immolation {unknown}
 r - a scroll of teleportation {unknown}
 s - 3 scrolls of random uselessness {unknown}
 t - 2 scrolls of amnesia {unknown}
Potions
 b - a potion of brilliance {unknown}
 l - a potion of agility {unknown}
 m - a potion of curing {unknown}
 n - a potion of cure mutation {unknown}
 o - a potion of degeneration {unknown}
 p - a potion of heal wounds {unknown}
Comestibles
 c - 2 bread rations
 g - a beef jerky


   Skills:
 - Level 3.0 Fighting
 * Level 4.1 Maces & Flails
 + Level 2.9 Armour
 - Level 1.7 Dodging


You had 3 spell levels left.
You didn't know any spells.

Dungeon Overview and Level Annotations

Branches:
Dungeon (3/15)

Altars:


Innate Abilities, Weirdness & Mutations

You have very sharp fingernails.


Message History

The orc hits you but does no damage.
A red film seems to cover your vision as you go berserk!
You feel yourself moving faster!
You feel mighty!
You are feeling very hungry.
Something hits you.
* * * LOW HITPOINT WARNING * * *
The orc hits you but does no damage.
You hit something. Something hits you but does no damage. The orc misses you.
You sock something! Trog accepts your kill.
Trog appreciates your killing of a magic user.
Reactivating autopickup.
Your Maces & Flails skill increases to level 4!
You feel a bit more experienced. The orc closely misses you.
You closely miss the orc. The orc completely misses you.
You barely miss the orc. You barely miss the orc.
The orc hits you with a dagger.
* * * LOW HITPOINT WARNING * * *
You barely miss the orc. The orc hits you with a dagger.
You die...

..........#.....#####.....# ##.#
..........................# #...
....(.....##...#.####.....# #..#
##........###.##.# #.....# #..#
##...###### #<##.# ####### #..#
.......# ###.##.#### #..# .#...#.#
#.........# #..# .#...#.#
#.....>o..# #... .##....#
#....#@##.############# .####..#
##.#....##.#.......# # .####..#
#)......##.#.#####.##### .......#
#..##...##.#.##.........
#####รท####...............##.#####
.......(......#.#####.#####.#
.#......##.##.#.# #.#####(#
..###...##.##.#.# #.......# .##
##..##......# #########


You could see an orc.

Vanquished Creatures
  An orc wizard (D:2)
  2 adders (D:2)
  An ooze (D:1)
  A worm (D:2)
  3 giant geckos (D:2)
  An orc (D:3)
  10 bats
  A giant cockroach (D:2)
  4 hobgoblins
  A giant newt (D:1)
  7 goblins
  4 kobolds
  A quokka (D:2)
  4 rats
41 creatures vanquished.

Notes
Turn   | Place    | Note
--------------------------------------------------------------
     0 | D:1      | lucasterio the Demonspawn Berserker began the quest for the Orb.
     0 | D:1      | Reached XP level 1. HP: 18/18 MP: 1/1
   176 | D:1      | Gained mutation: You have sharp fingernails. [demonic ancestry]
   176 | D:1      | Reached XP level 2. HP: 24/24 MP: 2/2
   900 | D:2      | Reached ** piety under Trog
   922 | D:2      | Reached XP level 3. HP: 21/29 MP: 3/3
  1070 | D:2      | Noticed a hippogriff
  1439 | D:2      | Gained mutation: You have very sharp fingernails. [demonic ancestry]
  1439 | D:2      | Reached XP level 4. HP: 15/35 MP: 4/4
  1773 | D:2      | Reached skill level 4 in Maces & Flails
  1777 | D:2      | Slain by an orc

Action                   |  1- 3 |  4- 6 || total
-------------------------+-------+-------++-------
Melee: Mace              |   114 |    26 ||   140
Invok: Berserk           |     1 |     1 ||     2
  Eat: Chunk             |     2 |     1 ||     3
